 Dungeon Crawl Stone Soup version 0.31.0-9-g3a7656b989 (webtiles) character file.

Game seed: 12887076935406577453

1412 qw the Skirmisher (level 8, -3/46 HPs)
             Began as a Deep Elf Hunter on Feb 2, 2024.
             Was an Initiate of Okawaru.
             Slain by a gnoll sergeant
             ... wielding a +0 spear
              (4 damage)
             ... on level 6 of the Dungeon.
             The game lasted 00:00:20 (3916 turns).

qw the Skirmisher (Deep Elf Hunter)                 Turns: 3916, Time: 00:00:20

Health: -3/46      AC:  7    Str: 10    XL:     8   Next: 43%
Magic:  7/10       EV:  9    Int: 11    God:    Okawaru [......]
Gold:   343        SH:  0    Dex: 18    Spells: 7/7 levels left

rFire   . . .        a - +2 shortbow
rCold   . . .        (shield currently unavailable)
rNeg    . . .        f - +0 scale mail {Will+}
rPois   +            (no helmet)
rElec   .            m - +0 cloak
rCorr   .            (no gloves)
SInv    +            (no boots)
Will    +....        (no amulet)
Stlth   +            h - ring of Ozeed {Fly rPois Int-4 Slay+5 SInv}
HPRegen 0.27/turn    (no ring)
MPRegen 0.12/turn

%: no passive effects
@: about to teleport, flying
A: no striking features
a: Renounce Religion


You were on level 6 of the Dungeon.
You worshipped Okawaru.
Okawaru was noncommittal.
You visited 2 branches of the dungeon, and saw 7 of its levels.

You collected 343 gold pieces.


   Skills:
 - Level 3.2 Fighting
 + Level 13.3 Ranged Weapons
 - Level 1.0 Armour
 - Level 3.2 Dodging
 - Level 1.2 Stealth


You had 7 spell levels left.
You didn't know any spells.
Your spell library was empty.

Inventory:

Hand Weapons
 a - a +2 shortbow (weapon)
Armour
 f - a +0 scale mail of willpower (worn)
 g - a +1 ring mail
 m - a +0 cloak (worn)
Jewellery
 c - a ring of fire
 h - the ring of Ozeed (left hand) {Fly rPois Int-4 Slay+5 SInv}
   (You found it on level 3 of the Dungeon)

   [ring of poison resistance]

   Int-4:     It affects your intelligence (-4).
   Slay+5:    It affects your accuracy & damage with ranged weapons and melee
   (+5).
   rPois:     It protects you from poison SInv: It lets you see invisible.
   Fly:       It grants you flight.
Wands
 j - a wand of flame (29)
Scrolls
 b - a scroll of teleportation
Potions
 d - a potion of might
 e - a potion of curing {unknown}
 i - a potion of enlightenment
 k - a potion of invisibility {unknown}
 l - a potion of haste {unknown}

Dungeon Overview and Level Annotations

Branches:
Dungeon (6/15)             Temple (1/1) D:6

Altars:
Ashenzari
Cheibriados
Dithmenos
Elyvilon
Gozag
Hepliaklqana
Kikubaaqudgha
Makhleb
Nemelex Xobeh
Okawaru
Qazlal
Sif Muna
Trog
Uskayaw
Vehumet
Wu Jian
Xom
Zin
The Shining One


Message History

You shoot an arrow. The gnoll sergeant blocks the arrow.
You shoot an arrow. The arrow hits the gnoll!
The gnoll is severely wounded.
The gnoll sergeant closely misses you.
You shoot an arrow. The arrow hits the gnoll!
You kill the gnoll!
Okawaru accepts your kill. The gnoll sergeant misses you.
You shoot an arrow. The arrow barely misses the gnoll.
The arrow hits the gnoll.
The gnoll is heavily wounded.
The gnoll sergeant hits you from afar with a +0 spear.
The gnoll hits you from afar with a +2 antimagic spear.
The gnoll barely misses you.
You shoot an arrow. The arrow hits the gnoll!
The gnoll is almost dead.
The gnoll sergeant completely misses you.
The gnoll hits you but does no damage. The gnoll barely misses you.
You shoot an arrow. The arrow completely misses the gnoll.
The arrow hits the gnoll!
You kill the gnoll!
Okawaru accepts your kill.
The gnoll sergeant hits you from afar with a +0 spear.
The gnoll hits you with a +0 flail.
You shoot an arrow. The arrow hits the gnoll.
You kill the gnoll!
Okawaru accepts your kill.
The gnoll sergeant hits you from afar with a +0 spear.
A gnoll comes into view. It is wielding a +0 halberd.
You shoot an arrow. The arrow hits the gnoll!
The gnoll is heavily wounded.
The gnoll sergeant hits you from afar with a +0 spear!
The gnoll hits you with a +0 halberd!
3915 ||| READING 2 scrolls of teleportation.
As you read the scroll of teleportation, it crumbles to dust.
You feel strangely unstable.
The gnoll sergeant completely misses you.
The gnoll closely misses you.
You shoot an arrow. The arrow barely misses the gnoll.
The gnoll sergeant hits you from afar with a +0 spear.
You die...

77..~~~~~g.77
7...~~_~~...
7..~~~~~g.7
7...~~~...
7......g 7..)g.
77..g77
77...)@77
7....../77
7...~~~...7##
#..~~~~~....#
#..~~7~~..#.#
#..~~~~~..#.#
#.#
#....~~~...#.#
#.#
#.....)...)#.##
#.#
#.#.....#....#
#.#


You could see a gnoll sergeant and a gnoll.

Vanquished Creatures
  2 ogres
  A black bear (D:5)
  A phantom (D:4)
  A kobold brigand (D:6)
  A bullfrog (D:6)
  5 scorpions
  A howler monkey (D:4)
  2 vampire bats (D:3)
  4 crimson imps (D:3)
  A hound (D:5)
  2 iguanas
  A gnoll bouda (D:5)
  10 gnolls
  7 adders
  A white imp (D:6)
  3 dart slugs (D:1)
  7 orcs
  6 ball pythons
  8 bats
  A bat skeleton (D:3)
  5 bat zombies (D:3)
  7 endoplasms
  4 giant cockroaches
  7 hobgoblins
  9 jackals
  A quokka (D:1)
  2 frilled lizards
  12 goblins
  13 kobolds
  7 rats
132 creatures vanquished.

Notes
Turn   | Place    | Note
-------+----------+-------------------------------------------
     0 | D:1      | qw the Deep Elf Hunter began the quest for the Orb.
     0 | D:1      | Reached XP level 1. HP: 12/12 MP: 3/3
     0 | D:1      | 0 ||| qw: Version: 0.3-a-155-g5e7d8dd
     0 | D:1      | 0 ||| qw: Game counter: 519
     0 | D:1      | 0 ||| qw: Melee chars always use a shield: true
     0 | D:1      | 0 ||| qw: God list: Okawaru
     0 | D:1      | 0 ||| qw: Allow faded altars: false
     0 | D:1      | 0 ||| qw: Do Orc after clearing Dungeon:15 true
     0 | D:1      | 0 ||| qw: Do second Lair branch before Depths: true
     0 | D:1      | 0 ||| qw: Lair rune preference: random
     0 | D:1      | 0 ||| qw: Goals: Normal
     0 | D:1      | 0 ||| PLANNING D:1-11
    92 | D:1      | Reached skill level 6 in Ranged Weapons
    92 | D:1      | Reached XP level 2. HP: 13/16 MP: 4/4
   427 | D:1      | Found a faded altar of an unknown god.
   433 | D:1      | Reached XP level 3. HP: 20/20 MP: 5/5
   709 | D:1      | Reached skill level 7 in Ranged Weapons
   819 | D:1      | 819 ||| UPGRADING to +0 ring mail.
   829 | D:1      | 829 ||| DROPPING +0 leather armour.
   830 | D:1      | 830 ||| READING 2 scrolls labelled YWIRUISOHE.
   830 | D:1      | 830 ||| IDENTIFYING scroll labelled SEROBR ULOEZ
   831 | D:1      | 831 ||| READING scroll of enchant weapon.
   831 | D:1      | 831 ||| ENCHANTING +0 shortbow.
   832 | D:1      | 832 ||| READING scroll of identify.
   832 | D:1      | 832 ||| IDENTIFYING scroll labelled CUDURA OQOKU
   833 | D:1      | 833 ||| READING scroll labelled BEIGGO OFAUFIA.
   934 | D:1      | 934 ||| DROPPING scroll of butterflies.
   935 | D:1      | 935 ||| DROPPING scroll of immolation.
  1010 | D:2      | Reached XP level 4. HP: 25/25 MP: 6/6
  1228 | D:2      | Reached skill level 8 in Ranged Weapons
  1230 | D:2      | 1230 ||| FLEEEEING.
  1231 | D:2      | 1231 ||| FLEEEEING.
  1232 | D:2      | 1232 ||| FLEEEEING.
  1233 | D:2      | 1233 ||| FLEEEEING.
  1234 | D:2      | 1234 ||| FLEEEEING.
  1235 | D:2      | 1235 ||| FLEEEEING.
  1236 | D:2      | 1236 ||| FLEEEEING.
  1237 | D:2      | 1237 ||| FLEEEEING.
  1238 | D:2      | 1238 ||| FLEEEEING.
  1239 | D:2      | 1239 ||| FLEEEEING.
  1240 | D:2      | 1240 ||| FLEEEEING.
  1241 | D:2      | 1241 ||| FLEEEEING.
  1242 | D:2      | 1242 ||| FLEEEEING.
  1243 | D:2      | 1243 ||| FLEEEEING.
  1244 | D:2      | 1244 ||| FLEEEEING.
  1245 | D:2      | 1245 ||| FLEEEEING.
  1472 | D:2      | 1472 ||| READING scroll of identify.
  1472 | D:2      | 1472 ||| IDENTIFYING brown potion
  1473 | D:2      | 1473 ||| READING 2 scrolls labelled WEINLI XIAHY.
  1477 | D:2      | 1477 ||| READING scroll labelled PUFAUDDENU CUEN.
  1690 | D:3      | 1690 ||| STAIRDANCE
  1718 | D:3      | Reached XP level 5. HP: 29/29 MP: 7/7
  1725 | D:3      | Found a shimmering altar of Xom.
  1809 | D:3      | Identified the ring of Ozeed {Fly rPois Int-4 Slay+5 SInv}
  1820 | D:3      | 1820 ||| READING scroll of enchant weapon.
  1820 | D:3      | 1820 ||| ENCHANTING +1 shortbow.
  1986 | D:3      | Found an ancient bone altar of Kikubaaqudgha.
  1996 | D:3      | Reached skill level 9 in Ranged Weapons
  2118 | D:3      | Found a snail-covered altar of Cheibriados.
  2222 | D:3      | Reached XP level 6. HP: 35/35 MP: 8/8
  2253 | D:3      | 2253 ||| UPGRADING to ring of Ozeed {Fly rPois Int-4 Slay+5
                  | SInv}.
  2254 | D:3      | 2254 ||| READING scroll labelled QIRIUPH ZOANN.
  2254 | D:3      | 2254 ||| ENCHANTING +0 ring mail.
  2255 | D:3      | 2255 ||| DRINKING 2 yellow potions.
  2256 | D:3      | 2256 ||| DROPPING potion of attraction.
  2304 | D:4      | Reached skill level 10 in Ranged Weapons
  2323 | D:4      | Reached skill level 3 in Dodging
  2411 | D:4      | Reached XP level 7. HP: 31/40 MP: 9/9
  2415 | D:4      | 2415 ||| FLEEEEING.
  2475 | D:4      | Found a sparkling altar of Nemelex Xobeh.
  2537 | D:4      | Reached skill level 11 in Ranged Weapons
  2743 | D:4      | 2743 ||| READING scroll labelled XEAJOL IROODUK.
  2770 | D:5      | Entered Level 5 of the Dungeon
  2809 | D:5      | Reached skill level 12 in Ranged Weapons
  2951 | D:5      | Reached skill level 1 in Armour
  3190 | D:5      | Reached skill level 3 in Fighting
  3190 | D:5      | Reached XP level 8. HP: 46/46 MP: 10/10
  3237 | D:5      | 3237 ||| UPGRADING to +0 scale mail of willpower.
  3247 | D:5      | 3247 ||| UPGRADING to +0 cloak.
  3252 | D:5      | 3252 ||| READING scroll of identify.
  3252 | D:5      | 3252 ||| IDENTIFYING inky potion
  3253 | D:5      | 3253 ||| DROPPING potion of degeneration.
  3452 | D:6      | 3452 ||| FLEEEEING.
  3453 | D:6      | 3453 ||| FLEEEEING.
  3454 | D:6      | 3454 ||| FLEEEEING.
  3455 | D:6      | 3455 ||| FLEEEEING.
  3458 | D:6      | 3458 ||| FLEEEEING.
  3465 | D:6      | 3465 ||| FLEEEEING.
  3479 | D:6      | 3479 ||| FLEEEEING.
  3480 | D:6      | 3480 ||| FLEEEEING.
  3481 | D:6      | 3481 ||| FLEEEEING.
  3482 | D:6      | 3482 ||| FLEEEEING.
  3519 | D:6      | Reached skill level 13 in Ranged Weapons
  3529 | D:6      | Found a staircase to the Ecumenical Temple.
  3530 | D:6      | 3530 ||| PLANNING TEMPLE
  3530 | D:6      | 3530 ||| READING scroll labelled ICEOL GOIWONO.
  3656 | D:6      | 3656 ||| DRINKING 2 black potions.
  3667 | Temple   | Entered the Ecumenical Temple
  3668 | Temple   | 3668 ||| PLANNING OKAWARU WORSHIP
  3680 | Temple   | Became a worshipper of Warmaster Okawaru
  3681 | Temple   | 3681 ||| PLANNING D:1-11
  3901 | D:6      | Found a white marble altar of Elyvilon.
  3903 | D:6      | 3903 ||| RETREEEEATING.
  3914 | D:6      | HP: 11/46 [gnoll sergeant/+0 spear (7)]
  3914 | D:6      | HP: 1/46 [gnoll/+0 halberd[a gnoll sergeant] (10)]
  3915 | D:6      | 3915 ||| READING 2 scrolls of teleportation.
  3916 | D:6      | Slain by a gnoll sergeant

Levels and vault maps discovered:
D:1:      mrwooster_arrival_arrow, layout_basic,
          shapermc_ecumenical_altar_mp_ritualfount, st_stairs_1,
          grunt_decor_junction
D:2:      minmay_general_purpose_star, layout_rooms, minmay_pentomino_t2
D:3:      layout_rooms, led_xom_imps, mainiacjoe_overflow_alcove_2,
          kennysheep_vampire_church
D:4:      layout_rooms, mainiacjoe_overflow_alcove_4
D:5:      layout_rooms
D:6:      layout_rooms, elyvilon_altar_3, minmay_temple_entry_large_hall,
          eino_small_chamber_without_monster
Temple:   nicolae_temple_superstar

Skill      XL: |  1  2  3  4  5  6  7  8 |
---------------+-------------------------+-----
Ranged Weapons | 6 7 8 9 10 12 13 | 13.3
Fighting       | 2 3 |  3.2
Dodging        | 3 |  3.2
Armour         | 1 |  1.0
Stealth        | |  1.2

Action                     |  1- 3 |  4- 6 |  7- 9 || total
---------------------------+-------+-------+-------++-------
   Fire: Shortbow          |   105 |   148 |   118 ||   371
    Use: Scroll            |     4 |     5 |     4 ||    13
         Potion            |       |     1 |     1 ||     2
 Armour: Leather armour    |    10 |       |       ||    10
         Ring mail         |     6 |    54 |     6 ||    66
         Scale mail        |       |       |    22 ||    22
  Dodge: Dodged            |    16 |    45 |    19 ||    80

Table legend:
 A = Non-vault XP
 B = Vault XP
 C = Vault XP percentage of total XP
 D = Non-vault monster count
 E = Vault monster count
 F = Vault count percentage of total count
                 A         B        C        D         E       F
            +---------+---------+-------+---------+---------+-------
      Total |    1689 |     329 |  16.3 |     114 |      18 |  13.6
            +---------+---------+-------+---------+---------+-------
        D:1 |      59 |       4 |   6.3 |      31 |       2 |   6.1
        D:2 |     123 |       5 |   3.9 |      23 |       4 |  14.8
        D:3 |      21 |     320 |  93.8 |      12 |      12 |  50.0
        D:4 |     395 |       0 |   0.0 |      20 |       0 |   0.0
        D:5 |     574 |       0 |   0.0 |      10 |       0 |   0.0
        D:6 |     517 |       0 |   0.0 |      18 |       0 |   0.0
            +---------+---------+-------+---------+---------+-------
